 Dungeon Crawl Stone Soup version 0.28-a0-1143-gcf6077d4cc (webtiles) character file.

Game seed: 17282466862632649914

14 spaghetti the Sneak (level 2, -7/25 HPs)
             Began as a Djinni Delver on Dec 14, 2021.
             Mangled by a kobold (18 damage)
             ... on level 3 of the Dungeon.
             The game lasted 00:01:13 (566 turns).

spaghetti the Sneak (Djinni Delver)                  Turns: 566, Time: 00:01:14

Health: -7/25      AC:  3    Str: 11    XL:     2   Next: 60%
Gold:   19         EV: 12    Int: 11    God:
                   SH:  0    Dex: 14

rFire   + + .      SeeInvis .   d - +0 quarterstaff {staff}
rCold   x . .      Faith    .   (shield currently unavailable)
rNeg    . . .      Spirit   .   a - +0 leather armour
rPois   ∞          Reflect  .   (no helmet)
rElec   .          Harm     .   (no cloak)
rCorr   .          Rampage  .   (no gloves)
Will    .....                   (boots unavailable)
Stlth   +++.......              (no amulet)
HPRegen 0.08/turn               (no ring)
MPRegen 0.00/turn               (no ring)

@: flying
A: sickness immunity, fire resistance 2, cold vulnerability 1, float, innate
caster, hp casting, extra vitality 1
a: no special abilities


You were on level 3 of the Dungeon.
You visited 1 branch of the dungeon, and saw 3 of its levels.

You collected 19 gold pieces.


Innate Abilities, Weirdness & Mutations

You are immune to sickness and miasma.
You are immune to poison.
Your flesh is very heat resistant. (rF++)
You are vulnerable to cold. (rC-)
You float through the air rather than walking.
You learn spells naturally, not from books.
Your magical power is your life essence.
You have superior vitality. (+4 HP)


   Skills:
 - Level 3.0 Fighting
 - Level 2.1 Dodging
 + Level 4.6 Stealth
 - Level 2.0 Unarmed Combat


You had one spell level left.
You didn't know any spells.
Your spell library was empty.

Inventory:

Hand Weapons
 d - a +0 quarterstaff (weapon) {staff}
   (You found it on level 3 of the Dungeon)
Missiles
 g - 23 arrows
Armour
 a - a +0 leather armour (worn)
 h - a +1 ring mail of cold resistance
   (You found it on level 5 of the Dungeon)
Wands
 f - a wand of digging (10)
Scrolls
 b - a scroll of fog
 c - a scroll of magic mapping {!r}
 i - a scroll of teleportation {@r4}

Dungeon Overview and Level Annotations

Branches:
Dungeon (5/15)
 Temple: D:4-7

Altars:
Fedhas

Annotations:
D:5 Sigmund

## .# ###.# ######
#######...# #...†.
#####+#........# #.....
#..............# ##.....
+..............+........
#......@.......#########
......K##.....<#.[......
....... #......#.#######
....... #..........#....
.......+................
.......#.......#.#.#†...
.......+...##..#.#.#....
.......###. #..#.#.#....
.. g..#...#....


You could see a kobold.


Message History

No target in view!
No target in view!
No target in view!
No target in view!
No target in view!
No target in view!
No target in view!
No target in view!
No target in view!
No target in view!
No target in view!
No target in view!
No target in view!
The helpless ball python fails to defend itself.
You sock the ball python!
You kill the ball python!
No target in view!
No target in view!
No target in view!
No target in view!
No target in view!
No target in view!
No target in view!
No target in view!
No target in view!
No target in view!
No target in view!
No target in view!
No target in view!
A rat comes into view.
A quokka comes into view.
There are monsters nearby!
You closely miss the quokka. The quokka bites you. 😕 HP[-2]
You take 2 damage, and now have 18/20 hp.
You sock the quokka!
You kill the quokka!
You hit the rat. The rat bites you. 😕 HP[-1]
You take 1 damage, and now have 17/20 hp.
You hit the rat.
You kill the rat!
No target in view!
No target in view!
No target in view!
No target in view!
No target in view!
No target in view!
No target in view!
No target in view!
No target in view!
No target in view!
You see here a rat corpse.
e - a scroll of identify {@r1} 😎 HP[+3]
Your hp is fully restored (20).
You now have 19 gold pieces.
You see here a rat corpse.
A hobgoblin comes into view.
A hobgoblin is nearby!
An adder comes into view.
Found a scroll labelled PYINEE ASAUNG.
Found a stone staircase leading up.
The helpless adder fails to defend itself.
You hit the adder. The adder bites you. x2
You barely miss the adder. The adder bites you.
The adder barely misses you. 😮 HP[-7]
You take 7 damage, and now have 13/20 hp.
MASSIVE DAMAGE!! (PAUSE)
You barely miss the adder. The adder bites you but does no damage.
You thump the adder!
You kill the adder!
You have reached level 2! 😮 HP[+3]
You now have 25 max hp (+5).
You regained 3 hp, and now have 16/25 hp.
Unknown command.
A kobold comes into view.
It is wielding a +3 short sword of electrocution.
The kobold shouts!
The kobold moves out of view.
i - a scroll labelled PYINEE ASAUNG 😮 HP[+1]
There are no items here.
As you read the scroll of identify {@r1}, it crumbles to dust.
i - a scroll of teleportation Unknown command.
A kobold is nearby!
You are too injured to fight recklessly!
You are too injured to fight recklessly!
You are too injured to fight recklessly!
You are too injured to fight recklessly!
You are too injured to fight recklessly!
Unknown command.
Unknown command.
The kobold barely misses you.
You barely miss the kobold. The kobold hits you but does no damage.
You closely miss the kobold.
The kobold hits you with a +3 short sword of electrocution. x2
* * * LOW HITPOINT WARNING * * *
You are electrocuted!!
Ouch! That really hurt!
You die...

Action                   || total
-------------------------++-------
Melee: Unarmed           ||    21
       Quarterstaff      ||    12
  Use: Scroll            ||     3
       Potion            ||     1
 Stab: Sleeping          ||     2
Armor: Leather armour    ||     5
Dodge: Dodged            ||    13

Levels and vault maps discovered:
D:3:      layout_basic, marbit_many_paths
D:4:      layout_basic, kennysheep_slug_shrine, kennysheep_mini_moat,
          hangedman_feature_mirror
D:5:      layout_loops_ring, mainiacjoe_overflow_cross_hatched, vehumet_statue,
          makhleb_altar_promises_db, gammafunk_ghost_icy, portal_sewer_entry_e,
          uniq_sigmund

Notes
Turn   | Place    | Note
-------+----------+-------------------------------------------
     0 | D:5      | spaghetti the Djinni Delver began the quest for the Orb.
     0 | D:5      | Reached XP level 1. HP: 20/20 MP: 0/0
     0 | D:5      | magus.rc [v1.9.6]
    23 | D:5      | Noticed Sigmund
    57 | D:4      | Noticed a hound
    65 | D:4      | HP: 3/20 [hound (3)]
   557 | D:3      | Reached XP level 2. HP: 16/25 MP: 0/0
   566 | D:3      | Mangled by a kobold

Vanquished Creatures
  An adder (D:3)
  A ball python (D:3)
  2 quokkas (D:3)
  A rat (D:3)
5 creatures vanquished.

Table legend:
 A = Non-vault XP
 B = Vault XP
 C = Vault XP percentage of total XP
 D = Non-vault monster count
 E = Vault monster count
 F = Vault count percentage of total count
                 A         B        C        D         E       F
            +---------+---------+-------+---------+---------+-------
      Total |      21 |       0 |   0.0 |       5 |       0 |   0.0
            +---------+---------+-------+---------+---------+-------
        D:3 |      21 |       0 |   0.0 |       5 |       0 |   0.0
            +---------+---------+-------+---------+---------+-------

Illustrated notes

Table legend:
 A = Kills in this place as a percentage of kills in entire the game.
 B = Kills by you in this place as a percentage of kills by you in the entire game.
 C = Kills by friends in this place as a percentage of kills by friends in the entire game.
 D = Other kills in this place as a percentage of other kills in the entire game.
 E = Experience gained in this place as a percentage of experience gained in the entire game.
 F = Experience gained in this place divided by the number of levels of this place that you have seen.
                   A       B       C       D       E      F
               +-------+-------+-------+-------+-------+----------------------
         Total | 100.0 | 100.0 |   N/A |   N/A | 100.0 |   7.0
       Dungeon | 100.0 | 100.0 |   N/A |   N/A | 100.0 |   7.0
               +-------+-------+-------+-------+-------+----------------------

Table legend: (Time is in decaauts)
 A = Elapsed time spent in this place.
 B = Non-inter-level travel time spent in this place.
 C = Inter-level travel time spent in this place.
 D = Time resting spent in this place.
 E = Time spent auto-exploring this place.
 F = Levels seen in this place.
 G = Mean time per level.
                   A        B        C        D        E       F      G
               +--------+--------+--------+--------+--------+-----+--------+
         Total |    548 |    548 |      0 |    377 |     91 |   3 |  182.7 |
       Dungeon |    548 |    548 |      0 |    377 |     91 |   3 |  182.7 |
               +--------+--------+--------+--------+--------+-----+--------+

Top non-repeatable levels by time:
     D:3: 492 daAuts
     D:5: 45 daAuts
     D:4: 10 daAuts
